Cogmind - Beta 16 @@@ ROGUE MODE // 2026.01.31 @ 01:32:48 Player: Merc Result: Destroyed by H-71 Marshal with Heavy Mass Driver Performance ------------- Evolutions (6) 3000 Regions Visited (8) 1600 Robots Destroyed (62) 310 Value Destroyed (2501) 2501 Prototype IDs (18) 360 Alien Tech Used (0) 0 Bonus (300) 300 TOTAL SCORE: 8071 Bonus ------- Registered with UFD 300 Cogmind --------- Core Integrity 0/1150 Matter 0/300 Energy 99/100 System Corruption 47% Temperature Cool (0) Movement Core (50) Location -4/Factory Parts ------- > --- POWER (2) -------- (None) > --- PROPULSION (4) --- (None) > --- UTILITY (10) ----- (None) > --- WEAPON (3) ------- (None) > --- INVENTORY (5) ---- Light Antimatter Reactor Advanced Medium Treads Centrium Wheel DRS Beacon (Ready) Botcube Peak State ------------ > --- POWER ------------ Light Antimatter Reactor Light Quantum Reactor > --- PROPULSION ------- Flexi-carbon Leg Enhanced Flexi-carbon Leg Myomer Leg Myomer Leg > --- UTILITY ---------- Scrap Suit Advanced Heat Sink Large Storage Unit Visual Processing Unit Improved Signal Interpreter ECM Suite Improved Phase Shifter > --- WEAPON ----------- Coil Gun Hypervelocity Gauss Rifle Hypervelocity Gauss Rifle > --- INVENTORY -------- Light Antimatter Reactor Carbon-fiber Leg Flexi-carbon Leg Myomer Leg Myomer Leg Myomer Leg Myomer Leg Centrium Wheel Plasma Rifle Heavy Rocket Launcher Welding Torch CPS Tube Heavy Mace DRS Beacon Botcube [Rating: 92] Favorites ----------- Power Deuterium Engine Engine Deuterium Engine Power Core Micro Fission Core Reactor Light Antimatter Reactor Propulsion Spiked Treads Treads Spiked Treads Leg Enhanced Flexi-carbon Leg Wheel Wheel Flight Unit Experimental Q-thruster Utility Large Storage Unit Device Sensor Array Storage Large Storage Unit Processor Visual Processing Unit Protection Improved Medium Armor Plating Weapon Powered Cannon Energy Gun Plasma Rifle Energy Cannon Powered Cannon Ballistic Gun Hypervelocity Gauss Rifle Ballistic Cannon Light Cannon Launcher Heavy Rocket Launcher Special Weapon CPS Tube Impact Weapon Heavy Mace Slashing Weapon Mining Claw Build | -11 -10 -10 -10 -7 -5 -4 -4 -4 ------- Run | Yrd Mat Min Sub Scr Fac Fac Was Fac Slots Evolved 12 | . . . . . 10 2 . . Power 1 | . . . . . . 1 . . Propulsion 2 | . . . . . 2 . . . Utility 8 | . . . . . 7 1 . . Weapon 1 | . . . . . 1 . . . Parts Attached 88 | 7 11 1 8 2 18 33 2 6 Power 17 | 1 1 . 2 1 2 7 1 2 Engine 6 | 1 1 . 2 1 1 . . . Core 3 | . . . . . 1 2 . . Reactor 8 | . . . . . . 5 1 2 Propulsion 28 | 3 1 1 4 1 7 9 1 1 Treads 5 | 2 . . 2 1 . . . . Leg 16 | 1 . . . . 7 8 . . Wheel 6 | . 1 1 2 . . 1 . 1 Hover . | . . . . . . . . . Flight 1 | . . . . . . . 1 . Utility 20 | 1 3 . . . 8 8 . . Device 12 | . 2 . . . 5 5 . . Storage 3 | 1 1 . . . . 1 . . Processor 4 | . . . . . 3 1 . . Hackware . | . . . . . . . . . Protection 1 | . . . . . . 1 . . Artifact . | . . . . . . . . . Weapon 23 | 2 6 . 2 . 1 9 . 3 Energy Gun 3 | 1 1 . . . . 1 . . Energy Cannon 2 | . . . 1 . . . . 1 Ballistic Gun 7 | 1 . . . . 1 5 . . Ballistic Cannon 7 | . 4 . 1 . . . . 2 Launcher 1 | . . . . . . 1 . . Special Weapon 1 | . . . . . . 1 . . Impact Weapon 1 | . . . . . . 1 . . Slashing Weapon 1 | . 1 . . . . . . . Piercing Weapon . | . . . . . . . . . Special Melee Weapon . | . . . . . . . . . Unidentified Prototypes 4 | . . . . . 2 1 1 . Corrupted Parts 1 | . . . . . . . 1 . System Corruption 8 | . . . . . . . 8 . Parts Lost 42 | . 1 . 4 . 1 34 2 . Power 11 | . . . 3 . 1 7 . . Propulsion 14 | . 1 . 1 . . 11 1 . Utility 8 | . . . . . . 7 1 . Weapon 9 | . . . . . . 9 . . Highest Loss Streak 11 | . 1 . 2 . 1 11 1 . To Critical Strikes . | . . . . . . . . . Average Backups 11 | 1 6 14 13 12 9 11 1 2 Power 1 | . 2 4 1 . 1 . . . Propulsion 2 | . . . 1 2 2 6 1 1 Utility 2 | . . 3 3 3 . . . . Weapon 4 | . 2 7 7 5 5 3 . . Tool/Special . | . . . . . . . . . Unused Backups 11 | . . . 3 4 . 2 . 2 Power 1 | . . . 1 . . . . . Propulsion 3 | . . . . . . 1 . 2 Utility 3 | . . . 1 2 . . . . Weapon 3 | . . . 1 2 . . . . Tool/Special 1 | . . . . . . 1 . . Average Slot Usage (%) 80 | . 96 100 88 85 77 73 19 15 Engine 10 | . 14 14 16 14 2 . . . Treads 18 | . 24 3 13 28 9 . . . Leg 3 | . . . . . 10 19 . . Wheel 3 | . 3 24 13 . . . 1 3 Device 13 | . 10 14 13 14 22 15 . . Storage 11 | . 14 14 13 14 5 5 1 . Processor 2 | . . . . . 9 10 10 . Energy Cannon 8 | . . . 10 14 5 2 . 2 Ballistic Gun 1 | . 1 . . . 4 7 . . Ballistic Cannon 4 | . 22 28 6 . . . . 1 Peak Build Rating 92 | 6 8 8 23 32 86 92 22 42 Average Rating 32 | 4 6 8 18 29 68 79 16 24 On Entrance 21 | . 6 8 8 22 32 86 22 13 Avg Prop Armor Cover (%) 7 | 11 10 10 . . 17 . . 2 Naked Turns 113 | . . . . . . . 12 101 Heaviest Build 73 | 14 32 32 40 39 53 73 23 53 Greatest Support 109 | 40 40 20 40 50 107 109 16 16 Greatest Overweight (x) 3 | 3 3 3 1 . 3 1 3 3 Average Overweight (x) . | . . 1 . . . . . . Largest Inventory Capacity 25 | 8 15 15 15 15 15 25 15 5 Average Capacity 14 | 7 14 15 15 15 15 15 8 5 Most Carried 15 | 2 14 15 15 15 15 15 5 5 Average Carried 12 | 1 7 14 13 14 11 13 3 4 Final Capacity 15 | 8 15 15 15 15 15 15 5 5 Final Carried 15 | 2 14 15 14 15 15 3 5 5 Scrap Suit Usage (%) 14 | . . . . . 99 60 . . Parts Cannibalized 14 | . . . . . 1 13 . . Class Distribution -------------------- 79% | Mutant 9% | Skirmisher 4% | Scavenger-Tank 3% | Derelict-Skirmisher Dominant Class ---------------- Mutant | -10/Materials Mutant | -10/Mines Mutant | -10/Subcaves Mutant | -7/Scraptown Skirmisher | -5/Factory Skirmisher | -4/Factory Mutant | -4/Waste Mutant | -4/Factory Resources | -11 -10 -10 -10 -7 -5 -4 -4 -4 ----------- Run | Yrd Mat Min Sub Scr Fac Fac Was Fac Matter Collected 2275 | 251 416 94 168 10 320 1011 . 5 Remotely 175 | . . . . . 175 . . . Salvage Created 2864 | . 436 . 67 . 512 1849 . . Parts 144 | . 32 . 5 . 24 83 . . Haulers Intercepted 2 | . 1 . . . . 1 . . Recyclers Shooed 2 | . . . . . 1 1 . . Parts Field Recycled . | . . . . . . . . . Retrieved Matter . | . . . . . . . . . Parts Self-Destructed 10 | . . . 10 . . . . . Prevented . | . . . . . . . . . Parts Restored . | . . . . . . . . . Kills | -11 -10 -10 -10 -7 -5 -4 -4 -4 ------- Run | Yrd Mat Min Sub Scr Fac Fac Was Fac Combat Hostiles Destroyed 41 | . 13 . 2 . 5 21 . . Guns 16 | . . . . . 2 14 . . Cannons 19 | . 13 . 2 . 1 3 . . AOE 2 | . . . . . . 2 . . Classes Destroyed 11 | . 6 . 1 . 3 1 . . Worker 8 | . 1 . . . . 7 . . Builder 2 | . . . . . 1 1 . . Hauler 2 | . 1 . . . . 1 . . Recycler 2 | . 1 . . . 1 . . . Watcher 7 | . 3 . . . 2 2 . . Swarmer 6 | . 6 . . . . . . . Grunt 18 | . 7 . . . 1 10 . . Sentry 1 | . . . . . . 1 . . Hunter 6 | . . . . . 2 4 . . Programmer 8 | . . . . . 2 6 . . Subdweller 2 | . . . 2 . . . . . Best Kill Streak 9 | . 6 . 1 . 3 9 . . Combat Bots Only 6 | . 5 . 1 . 3 6 . . Max Kills in Single Turn 3 | . 1 . 1 . 2 3 . . Gunslinging . | . . . . . . . . . Exploded 2 | . . . . . . 2 . . Melee . | . . . . . . . . . Uniques/NPCs Destroyed . | . . . . . . . . . Combat | -11 -10 -10 -10 -7 -5 -4 -4 -4 -------- Run | Yrd Mat Min Sub Scr Fac Fac Was Fac Hostile Shots Fired 547 | . 50 . 21 . 26 413 2 35 Missed 160 | . 14 . 6 . 10 109 . 21 Hits 387 | . 36 . 15 . 16 304 2 14 Melee 2 | . . . . . . . 2 . Projectile 385 | . 36 . 15 . 16 304 . 14 AOE 6 | . . . 3 . 1 2 . . Critical Strikes 23 | . . . 1 . 1 19 2 . Damage Taken 7565 | . 433 . 463 . 377 5725 117 450 Core 1453 | . 41 . 122 . 62 823 106 299 Absorbed by Shields 16 | . . . . . . 16 . . Regen/Repaired (Parts) 123 | . . . . . 2 121 . . Core Remaining (%) 75 | 100 . . . 34 93 . . . Volleys Fired 198 | . 51 . 31 . 28 86 . 2 Largest 3 | . 2 . 1 . 2 3 . 3 Hottest 182 | . 60 . 40 . 73 147 . 182 Shots Fired 390 | . 100 . 31 . 46 209 . 4 Gun 203 | . . . . . 28 175 . . Cannon 180 | . 100 . 31 . 18 27 . 4 Launcher 5 | . . . . . . 5 . . Special 2 | . . . . . . 2 . . Kinetic 291 | . 100 . . . 28 161 . 2 Thermal 90 | . . . 31 . 18 41 . . Explosive 5 | . . . . . . 5 . . Electromagnetic 2 | . . . . . . . . 2 Robot Hit Streak 14 | . 9 . 6 . 14 9 . 2 Robot Miss Streak 7 | . 4 . 1 . 6 7 . 1 Penetration Max 3 | . . . . . . 3 . 1 Secondary Targets 7 | . . . . . . 7 . . Max Gunslinging Chain 1 | . . . . . . 1 . . Shots Hit Robots 204 | . 47 . 11 . 28 116 . 2 Core Hits 115 | . 21 . 2 . 11 80 . 1 Critical Kills 22 | . . . . . 5 17 . . Critical Parts Destroyed 23 | . . . . . 2 21 . . Critical Strikes 51 | . 2 . . . 7 42 . . Burn 4 | . . . . . . 4 . . Meltdown 4 | . . . . . 2 2 . . Destroy 41 | . . . . . 5 36 . . Blast 2 | . 2 . . . . . . . Melee Attacks 12 | . 1 . 4 . . 7 . . Impact 7 | . . . . . . 7 . . Slashing 5 | . 1 . 4 . . . . . Piercing . | . . . . . . . . . Sneak Attacks . | . . . . . . . . . Combat Hostiles . | . . . . . . . . . Follow-up Attacks . | . . . . . . . . . Damage Inflicted 5603 | . 789 . 473 . 750 3502 . 89 Guns 1908 | . . . . . 117 1791 . . Cannons 2649 | . 789 . 473 . 629 669 . 89 Explosions 955 | . . . . . . 955 . . Melee 87 | . . . . . . 87 . . Ramming 4 | . . . . . 4 . . . Kinetic 2519 | . 789 . . . 117 1561 . 52 Thermal 2001 | . . . 473 . 629 899 . . Explosive 955 | . . . . . . 955 . . Electromagnetic 37 | . . . . . . . . 37 Impact 87 | . . . . . . 87 . . Slashing . | . . . . . . . . . Piercing . | . . . . . . . . . Highest Corruption 47 | . . . . . 2 12 44 47 Average Corruption 17 | . . . . . 1 7 27 44 Corruption Purged . | . . . . . . . . . Corruption Blocked . | . . . . . . . . . Effects 67 | . . . . . 4 21 22 20 Message Errors 12 | . . . . . 3 3 2 4 Matter Fused 14 | . . . . . . 6 3 5 Heat Flow Errors 6 | . . . . . . 3 1 2 Energy Discharges 3 | . . . . . 1 1 . 1 Parts Rejected 4 | . . . . . . 3 1 . Parts Fused 1 | . . . . . . . 1 . Data Loss (minor) 5 | . . . . . . 1 2 2 Data Loss (major) 2 | . . . . . . 1 . 1 Misfires 2 | . . . . . . 1 . 1 Alerts 1 | . . . . . . 1 . . Misdirections 16 | . . . . . . 1 12 3 Weapon Failures 1 | . . . . . . . . 1 Overload Shots . | . . . . . . . . . Overflow Damage 132 | . 17 . . . 25 90 . . Projectiles 102 | . 17 . . . 25 60 . . Explosions 30 | . . . . . . 30 . . Melee . | . . . . . . . . . Knockbacks 18 | . 17 . . . . 1 . . Impact 1 | . . . . . . 1 . . Kinetic 16 | . 16 . . . . . . . Secondary 1 | . 1 . . . . . . . Self-Inflicted Damage 39 | . . . . . . 39 . . Shots 2 | . . . . . . 2 . . Rammed 2 | . 2 . . . . . . . Targets Rammed 3 | . 2 . . . 1 . . . Kicked 1 | . . . . . 1 . . . Crushed . | . . . . . . . . . Highest Temperature 372 | . 42 . 10 . 167 372 112 175 Average Temperature 66 | . 18 . 5 . 87 118 69 61 Received Heat Transfer 1253 | . 102 . 72 . 21 1058 . . Effects 5 | . . . . . . 5 . . Energy Bleed 1 | . . . . . . 1 . . Interference 3 | . . . . . . 3 . . Short Circuit 1 | . . . . . . 1 . . Siege Activations . | . . . . . . . . . Martial Activations . | . . . . . . . . . Shielding Activations . | . . . . . . . . . Robots Disrupted . | . . . . . . . . . Combat Hostiles . | . . . . . . . . . Robots Corrupted . | . . . . . . . . . Combat Hostiles . | . . . . . . . . . Parts Fried . | . . . . . . . . . Impact Corruptions . | . . . . . . . . . Robots Melted 4 | . . . . . 2 2 . . Combat Hostiles 4 | . . . . . 2 2 . . Parts Melted 15 | . . . . . 6 9 . . Heat Transferred 900 | . . . . . . 900 . . Parts Sabotaged . | . . . . . . . . . Parts Stolen . | . . . . . . . . . Parts Stripped . | . . . . . . . . . Power Chain Reactions . | . . . . . . . . . Alert | -11 -10 -10 -10 -7 -5 -4 -4 -4 ------- Run | Yrd Mat Min Sub Scr Fac Fac Was Fac Maximum Alert Level 1 | . 1 . . . . 1 . . Low Security (%) 81 | 100 86 100 . . 100 50 100 100 Level 1 18 | . 13 . . . . 49 . . Level 2 . | . . . . . . . . . Level 3 . | . . . . . . . . . Level 4 . | . . . . . . . . . Level 5 . | . . . . . . . . . High Security . | . . . . . . . . . Max Security . | . . . . . . . . . Peak Influence 325 | . 233 46 . . 87 325 52 30 Initial 52 | . . 46 . . . . 52 . Average 78 | . 105 7 . . 17 154 12 1 Influence Increases 1403 | . 395 . . . 167 809 . 32 Destroy 0b10 Robot/C 780 | . 260 . . . 100 420 . . Destroy 0b10 Robot/NC 105 | . 30 . . . 20 55 . . Destroy Leader 178 | . 68 . . . 24 86 . . Disable Machine 105 | . 30 . . . 15 60 . . Destroy Structure 115 | . 7 . . . 8 98 . 2 Partial Spotted 15 | . . . . . . 15 . . Lose Combat Pursuer 105 | . . . . . . 75 . 30 Influence Decreases 1383 | . 274 121 . . 167 659 150 12 Entered New Map 173 | . . 75 . . . . 98 . Time Decay 840 | . 264 46 . . 157 319 42 12 Lost Part 370 | . 10 . . . 10 340 10 . Squads Dispatched 18 | . 2 . . . 3 11 . 2 Investigation 1 | . 1 . . . . . . . Extermination 5 | . . . . . 2 3 . . Reinforcement 9 | . 1 . . . 1 5 . 2 Assault . | . . . . . . . . . Garrison 3 | . . . . . . 3 . . Intercept . | . . . . . . . . . Searches Triggered . | . . . . . . . . . Construction Impeded 3 | . . . . . . 3 . . Haulers Reinforced 3 | . . . . . 1 2 . . Active Scanning Responses . | . . . . . . . . . Cargo Convoy Interrupts . | . . . . . . . . . Stealth | -11 -10 -10 -10 -7 -5 -4 -4 -4 --------- Run | Yrd Mat Min Sub Scr Fac Fac Was Fac Distress Signals 10 | . 1 . . . . 9 . . Communications Jammed . | . . . . . . . . . Distress Signals . | . . . . . . . . . Times Spotted 112 | . 24 . 3 . 13 58 6 8 Peak Tracking Total 8 | . 4 . 1 . 3 8 6 5 Tactical Retreats 10 | . . . . . . 9 . 1 ECM-based Alert Blocks 14 | . . . . . . 14 . . Traps | -11 -10 -10 -10 -7 -5 -4 -4 -4 ------- Run | Yrd Mat Min Sub Scr Fac Fac Was Fac Traps Triggered 6 | . 2 . 1 . . 2 . 1 Indirectly . | . . . . . . . . . Trap Hack Attempts . | . . . . . . . . . Triggered . | . . . . . . . . . Disarmed . | . . . . . . . . . Reprogrammed . | . . . . . . . . . Reused . | . . . . . . . . . Traps Extracted . | . . . . . . . . . Installed . | . . . . . . . . . Triggered . | . . . . . . . . . Machines | -11 -10 -10 -10 -7 -5 -4 -4 -4 ---------- Run | Yrd Mat Min Sub Scr Fac Fac Was Fac Machines Disabled 8 | . 2 . 1 . 1 4 . . Max in Single Turn 1 | . 1 . 1 . 1 1 . . Machines Repaired . | . . . . . . . . . Machines Dismantled . | . . . . . . . . . Machines Sabotaged . | . . . . . . . . . Overloaded Fab Kills . | . . . . . . . . . Hacking | -11 -10 -10 -10 -7 -5 -4 -4 -4 --------- Run | Yrd Mat Min Sub Scr Fac Fac Was Fac Machines Accessed 14 | . 7 . 2 1 1 1 . 2 Terminals 8 | . 6 . . . . 1 . 1 Fabricators . | . . . . . . . . . Repair Stations . | . . . . . . . . . Recycling Units 2 | . 1 . . . . . . 1 Scanalyzers 1 | . . . . . 1 . . . Garrison Access . | . . . . . . . . . Total Hacks 46 | . 16 . 14 8 4 2 . 2 Successful 33 | . 6 . 14 8 4 . . 1 Failed 13 | . 10 . . . . 2 . 1 Catastrophic 3 | . 2 . . . . . . 1 Database Lockouts . | . . . . . . . . . Manual . | . . . . . . . . . Terminals 17 | . 14 . . . . 2 . 1 Fabricators . | . . . . . . . . . Repair Stations . | . . . . . . . . . Recycling Units 3 | . 2 . . . . . . 1 Scanalyzers 4 | . . . . . 4 . . . Garrison Access . | . . . . . . . . . Terminal Hacks 28 | . 5 . 14 8 . . . 1 Record 21 | . . . 13 8 . . . . Prototype ID Bank 1 | . 1 . . . . . . . Alert Level 2 | . 1 . . . . . . 1 Registered Components 1 | . 1 . . . . . . . Zone Layout 2 | . 2 . . . . . . . Proto ID Catalog 1 | . . . 1 . . . . . Fabricator Hacks . | . . . . . . . . . Repair Station Hacks . | . . . . . . . . . Recycling Unit Hacks 1 | . 1 . . . . . . . Report Inventory 1 | . 1 . . . . . . . Scanalyzer 4 | . . . . . 4 . . . Retrieve Study 4 | . . . . . 4 . . . Garrison Access Hacks . | . . . . . . . . . Unauthorized Hacks . | . . . . . . . . . Terminals . | . . . . . . . . . Fabricators . | . . . . . . . . . Repair Stations . | . . . . . . . . . Recycling Units . | . . . . . . . . . Scanalyzers . | . . . . . . . . . Garrison Access . | . . . . . . . . . Data Cores Recovered . | . . . . . . . . . Used . | . . . . . . . . . Hacking Detections 8 | . 5 . . . 1 1 . 1 Full Trace Events 1 | . 1 . . . . . . . Feedback Events . | . . . . . . . . . Feedback Blocked . | . . . . . . . . . Robot Schematics Acquired . | . . . . . . . . . Robots Built . | . . . . . . . . . Authchips . | . . . . . . . . . Time . | . . . . . . . . . Total Robot Build Rating . | . . . . . . . . . Part Schematics Acquired . | . . . . . . . . . Parts Built . | . . . . . . . . . Authchips . | . . . . . . . . . Time . | . . . . . . . . . Total Part Build Rating . | . . . . . . . . . Part Studies Acquired 4 | . . . . . 4 . . . Parts Repaired . | . . . . . . . . . Time . | . . . . . . . . . Parts Recycled . | . . . . . . . . . Recycled Matter . | . . . . . . . . . Retrieved Matter . | . . . . . . . . . Retrieved Components . | . . . . . . . . . Parts Scanalyzed . | . . . . . . . . . Part Schematics Acquired . | . . . . . . . . . Parts Damaged . | . . . . . . . . . Bothacking | -11 -10 -10 -10 -7 -5 -4 -4 -4 ------------ Run | Yrd Mat Min Sub Scr Fac Fac Was Fac Used RIF Installer . | . . . . . . . . . Robots Hacked . | . . . . . . . . . Non-combat . | . . . . . . . . . Combat . | . . . . . . . . . Robot Hacks Applied . | . . . . . . . . . Relay Couplers Released . | . . . . . . . . . Fabnet Peak Effective % . | . . . . . . . . . Robots Rewired . | . . . . . . . . . Allies Hacked . | . . . . . . . . . Hacks Repelled . | . . . . . . . . . Allies | -11 -10 -10 -10 -7 -5 -4 -4 -4 -------- Run | Yrd Mat Min Sub Scr Fac Fac Was Fac Total Allies . | . . . . . . . . . Largest Group . | . . . . . . . . . Highest-Rated Group . | . . . . . . . . . Highest-Rated Ally . | . . . . . . . . . Total Orders . | . . . . . . . . . Ally Attacks . | . . . . . . . . . Total Damage . | . . . . . . . . . Kills . | . . . . . . . . . Allies Corrupted . | . . . . . . . . . Allies Melted . | . . . . . . . . . Intel | -11 -10 -10 -10 -7 -5 -4 -4 -4 ------- Run | Yrd Mat Min Sub Scr Fac Fac Was Fac Active Infowar (turns) 8225 | . 799 327 1008 4166 673 1094 158 . Optics 1797 | . . . . . 545 1094 158 . Sensors 7085 | . 417 327 1008 4166 673 494 . . Structural 382 | . 382 . . . . . . . ECM 337 | . . . . . . 337 . . Robot Analysis Total . | . . . . . . . . . Derelict Logs Recovered 2 | . . . . 2 . . . . Drone Launches . | . . . . . . . . . Drone Recoveries . | . . . . . . . . . Exploration | -11 -10 -10 -10 -7 -5 -4 -4 -4 ------------- Run | Yrd Mat Min Sub Scr Fac Fac Was Fac Turns Passed 8978 | 78 1075 327 1008 4166 673 1094 235 322 Spaces Moved 5621 | 44 546 322 667 2341 377 546 393 385 Core 382 | 5 . . . . . . 177 200 Treads 3186 | 38 391 . 258 2341 158 . . . Legs 756 | 1 . . . . 219 536 . . Wheels 1140 | . 155 322 409 . . 10 70 174 Hover . | . . . . . . . . . Flight 157 | . . . . . . . 146 11 Fastest Speed 20 | 50 125 95 95 160 120 110 20 20 Average Speed 132 | 152 150 100 126 160 138 119 50 76 Slowest Speed 330 | 200 160 125 160 160 330 120 290 150 Overloaded Moves . | . . . . . . . . . Propulsion Burnouts . | . . . . . . . . . Robots Hopped . | . . . . . . . . . Potential Cave-ins 1 | . . . 1 . . . . . Cave-ins Triggered . | . . . . . . . . . Exploration Rate (%) 43 | 4 82 68 27 92 11 9 89 12 Regions Visited 8 Branch Regions 3 Pre-discovered Areas 1 | . . . . 1 . . . . Known Exits Taken 1 | . . . . . 1 . . . Unknown Exits Taken 5 | 1 1 1 1 1 . . . . Scrap Searched 12 | . . 1 7 4 . . . . Spaces Dug 17 | . . . 15 . . 2 . . Terrain Destroyed 76 | . . . 18 . 4 53 . 1 Melee 2 | . . . . . . 2 . . Projectile 35 | . . . 18 . 4 12 . 1 AOE 36 | . . . . . . 36 . . Terrain Rammed . | . . . . . . . . . Walls Destroyed . | . . . . . . . . . Machines Disabled . | . . . . . . . . . Actions | -11 -10 -10 -10 -7 -5 -4 -4 -4 --------- Run | Yrd Mat Min Sub Scr Fac Fac Was Fac Total 6748 | 52 693 323 798 2767 481 800 426 408 Wait 717 | . 69 . 68 401 48 95 29 7 Move 5614 | 43 545 321 666 2340 376 546 392 385 Hop . | . . . . . . . . . Pick Up 51 | 2 10 1 5 12 6 10 2 3 Fast Attach 30 | 6 2 . 1 . 4 11 2 4 Attach 37 | . 1 . 4 . 7 22 . 3 Detach 3 | . . . 1 . . 1 . 1 Swap 42 | 1 11 1 9 2 8 10 . . Drop 39 | . 1 . 9 11 3 11 1 3 Fire 198 | . 51 . 31 . 28 86 . 2 Melee 12 | . 1 . 4 . . 7 . . Ram 2 | . 2 . . . . . . . Kick 1 | . . . . . 1 . . . Crush . | . . . . . . . . . Escape Stasis 1 | . . . . . . 1 . . Rewire 1 | . . . . 1 . . . . Trap . | . . . . . . . . . Miscellaneous . | . . . . . . . . . Route ------- -11/Scrapyard -10/Materials (discovered 3 exits: [*Mat x2] / [*Min]) -10/Mines (discovered 2 exits: [*Mat] / *Sub) -10/Subcaves (discovered 4 exits: Mat x2 / Rec / *Scr) -7/Scraptown (discovered 2 exits: *Fac x2) -5/Factory (discovered 4 exits: *Fac x2 / *Upp x2) -4/Factory -4/Waste -4/Factory History --------- Turn | Location | Event 23 | -11/Scrapyard | Discovered new exit (range 14) 79 | -11/Scrapyard | Entered Materials 302 | -10/Materials | Build established: Mutant 596 | -10/Materials | Discovered new exit (range 8) 850 | -10/Materials | Discovered new exit (range 5) 1111 | -10/Materials | Discovered new exit (range 14) 1154 | -10/Materials | Entered Mines 1272 | -10/Mines | Discovered new exit (range 14) 1476 | -10/Mines | Discovered new exit (range 6) 1481 | -10/Mines | Entered Subcaves 1482 | -10/Subcaves | Approached by a straggling Scientist 1688 | -10/Subcaves | Visited 4L-MR0's lab 1714 | -10/Subcaves | Found Powered Cannon 1716 | -10/Subcaves | Attached Powered Cannon, gained temporary slot: Power 1976 | -10/Subcaves | Ambushed by Subdweller buried in earth 2024 | -10/Subcaves | Visited Clippyterm 2029 | -10/Subcaves | Identified exit to Recycling 2029 | -10/Subcaves | Identified exit to Materials 2029 | -10/Subcaves | Learned Factory emergency access door positions 2078 | -10/Subcaves | Core integrity fell below 50% 2290 | -10/Subcaves | Disturbed a concealed Subdweller 2450 | -10/Subcaves | A swath of the cavern ceiling suddenly collapsed 2455 | -10/Subcaves | Scientist uncovered a shortcut to Scraptown 2489 | -10/Subcaves | Entered Scraptown 3222 | -7/Scraptown | Visited Shadow of the Wyrm 3317 | -7/Scraptown | Scanned Subdweller tech in exchange for log data 3321 | -7/Scraptown | Learned location of Warlord (-4) 3341 | -7/Scraptown | Discovered new exit (range 13) 3680 | -7/Scraptown | Visited SPCMW 3720 | -7/Scraptown | Visited Spacefarers 3778 | -7/Scraptown | Visited IN-MT5's Study 3883 | -7/Scraptown | Visited Red Mages 3945 | -7/Scraptown | Visited Cave Peace 4008 | -7/Scraptown | Visited The Evicted 4056 | -7/Scraptown | Visited UFD Registry 4056 | -7/Scraptown | Registered with UFD as "Shortsplitter" 4096 | -7/Scraptown | Visited Chapter 10 4192 | -7/Scraptown | Visited Botcube Research 4211 | -7/Scraptown | Found Botcube 4241 | -7/Scraptown | Visited Junk Repository 4342 | -7/Scraptown | Delivered Scrap Shield to a Scientist 4908 | -7/Scraptown | Visited Supply Room 5120 | -7/Scraptown | Visited Scrapoid Pod Storage 5161 | -7/Scraptown | Visited LU-1G1's Boring Crew 5259 | -7/Scraptown | Visited Scrap Suit Storage 5292 | -7/Scraptown | Found Scrap Suit 5322 | -7/Scraptown | Visited Derelict Rescue Squad 5342 | -7/Scraptown | Found DRS Beacon 5369 | -7/Scraptown | Visited Cartography Club 6185 | -7/Scraptown | Discovered new exit (range 5) 6312 | -7/Scraptown | Visited Scrapoid Research Area 6655 | -7/Scraptown | Entered Factory 6655 | -5/Factory | Evolved 10 slots: Propulsion x2, Utility x7, Weapon x1 6656 | -5/Factory | Identified exit to Upper Caves 6676 | -5/Factory | Discovered exit to Upper Caves (range 12) 6961 | -5/Factory | Build established: Derelict-Skirmisher 7127 | -5/Factory | Discovered new exit (range 13) 7143 | -5/Factory | Identified exit to Factory 7275 | -5/Factory | Build established: Skirmisher 7299 | -5/Factory | Discovered exit to Factory (range 16) 7328 | -5/Factory | Entered another Factory area 7328 | -4/Factory | Evolved 2 slots: Power x1, Utility x1 7807 | -4/Factory | Garrison activated, responded to threat 7853 | -4/Factory | Lost 6 parts (2n2u2w) 7868 | -4/Factory | Attached CPS modules to H-77 Assassin. 8118 | -4/Factory | System corruption reached 10% 8161 | -4/Factory | Lost 3 parts (2p1w) 8260 | -4/Factory | Garrison activated, responded to threat 8293 | -4/Factory | Lost 10 parts (3p4n1u2w) 8406 | -4/Factory | Core integrity fell below 50% 8422 | -4/Factory | Sucked down chute 8422 | -4/Factory | Entered Waste 8437 | -4/Waste | EMP discharged 8437 | -4/Waste | Lost 11 parts (1p5n2u3w) 8466 | -4/Waste | Spotted C-40 Crusher 8469 | -4/Waste | Spotted C-40 Crusher 8489 | -4/Waste | Spotted C-40 Crusher 8498 | -4/Waste | Spotted C-40 Crusher 8500 | -4/Waste | Crushed by Compactor (1 part destroyed, 1 dropped) 8522 | -4/Waste | Spotted C-40 Crusher 8537 | -4/Waste | EMP discharged 8553 | -4/Waste | Spotted C-40 Crusher 8580 | -4/Waste | Crushed by Compactor (1 part destroyed, 2 dropped) 8585 | -4/Waste | Discovered new exit (range 15) 8593 | -4/Waste | System corruption reached 30% 8612 | -4/Waste | Core integrity fell below 20% 8637 | -4/Waste | EMP discharged 8657 | -4/Waste | Entered Factory 8878 | -4/Factory | Released all parts (5) 8979 | -4/Factory | Destroyed by H-71 Marshal with Heavy Mass Driver Last Messages --------------- the area. 08883_ Gamma Bomb Trap short circuited. 08883_ Chain reaction triggered in Corrupted Lgt. Ion Engine. 08883_ A bubble of electromagnetic force engulfs the area. 08885_ Slug penetrates Wall. 08886_ Penetrated by Slug. 08888_ SV=F1NT5HWZR3BH%UU91UGU5 %HUQWP5M X,IQNJ 08892_ Acquired 3 matter. 08903_ /O#SWG7SAGM=CNT 08919_ Dropped Myomer Leg. 08919_ Acquired Centrium Wheel. 08920_ System corrupted: Component data lost. 08938_ C6UI9/YYXWGWF JY8 MFQ BL6,A 08954_ System corrupted: Matter fused (-3). 08964_ ALERT: Suspicious intruders detected, dispatching Cutter reinforcements to area. 08969_ Drone sends a signal. 08973_ Penetrated by Slug. Map ----- +----------------------------------------------------+ | ??????????????????????????????????# # | | ??????????????????????????????????# """"""""" # | | ??????????????????????????????????# # | | ??????????????????????????????????# """"""""" + | | ??????????????????????????????????# # | | ??????????????????????????????????# """"""""" # | | ??????????????????????????????????# # | | ??????????????????????????????????# """"""""" # | | ??????????????????????????????????# # | | ??????????????????????????????????# # | | ??????????????????????????????????############## | | ???????????????????????????????????????????????# | | ???????????????????????????????????????????????# | | ????????????????????????##########?????????????# | | ????????????????????????# #?????????????# | | ????????????????????????# #?????????????# | | ????????????????????????# #?????????????# | | ????????????????????????# #?????????????# | | ????????????????????????# #?????????????# | | ????????????????????????# #?????????????# | | ????????????????????????# #???????? ????# | | ????????????????????????# #??????? #???# | | ????????????????????????# #??????? #???# | | ??????????? ???????????######+###?????? #???# | | ?????????? ########## #????? ?????# | | ?????????? k k k @R% ######/######## | | ?????????? H k k k | | ?????????? ####+#### | | ?????????? g #### #??# | | ??????????? ??????# #??# | | ?????????????????????# #### | | ?????????????????????# + | | ?????????????????????# #### """ | | ?????????????????????# ##+#####+##??# """ | | ??????????????######## # ??# ??# """ | | ??????????????#]= # # # ## """ | | ??????????????#]= # # """ # ## """ | | ??????????????#]= + # R" # ## """ | | ??????????????# # # """ # ## """ | | ??????????????# # # # ## ? | | ??????????????# ################## #####?? | | ??????????????########????????????????? #?????? | | ???????????????????????????????????????####??????? | | | | | | | | | | | | | | | +----------------------------------------------------+ Best States ------------- Heat Dissipation 81 Energy Generation 41 Energy Capacity 400 Matter Stores 300 Matter Capacity 300 Sight Range 18 Robot Scan Range 15 Terrain Scan Density 210 ECM Strength 1 Additional Mass Support 16 Armor Coverage 225 Phase Shifting 10 Evasion (%) 70 Recoil Reduction 3 Item Schematics ----------------- None Robot Schematics ------------------ None Fabricated ------------ Nothing Repaired ---------- Nothing Studied --------- Deuterium Engine | -5/Factory | Hacked Hyp. Gauss Rifle | -5/Factory | Hacked Imp. Medium Treads | -5/Factory | Hacked Hvy. Rocket Launcher | -5/Factory | Hacked Alien Tech Used ----------------- None Achievements -------------- Construction Begets Destruction Do Not Disturb Mistaken Identity Nice Directions, Buddy Challenges ------------ None Game ------ Seed PiercelightLightpackMace Manual? 0 Play Time 01:53:08 Cumulative 20.8 hours Start 2026.01.30 @ 23:03:33 End 2026.01.31 @ 01:32:48 Sessions 1 Manual Loads 0 Difficulty Rogue Special Mode None Game No. 19 Rogue 19 Adventurer 0 Explorer 0 Win Type - Total 0 Types 0/0/0/0/0/0/0/0/0/0 Lore% 22 Gallery% 20 Achievement% 19 Wizard Run 0 Options --------- Layout 1 ASCII 0 Keyboard 0 Movement Mouse Keybinds 1 Fullscreen 1 Font 24/Smallcaps Map View 50x35 Zoom Use 0% Tactical HUD 1 Map Filters NONE Filters NONE Steam 1 RUN: 83242adf-ed25-487b-8e1e-a306f55b47f0